Map: Ascension to Aiur LE

Players

Lambo

  • Race: Zerg Zerg
  • Spawn Location: 5:00

Cham - Winner!

  • Race: Zerg Zerg
  • Spawn Location: 11:00

Event: WCS Montreal 2017

VOD

Have the link to the VOD?

Description

Time

  • Played on: Sept. 8, 2017, 5:44 p.m.
  • Length: 12:49

All games in this series

Show
View Real Time Build Order
Export as new Build Order

Lambo Zerg 

Build Orders: Pool First, Lurkers, Zergling Baneling 

Get SALT Encoding   

  12  0:01  Drone  
  13  0:12  Overlord  
  13  0:17  Drone  
  14  0:30  Drone x2  
  14  0:33  Drone  
  17  0:42  Extractor  
  16  0:44  Drone  
  17  0:51  Spawning Pool  
  17  0:55  Drone  
  17  1:07  Drone  
  18  1:17  Hatchery  
  17  1:22  Drone  
  18  1:28  Drone  
  19  1:37  Queen  
  21  1:44  Metabolic Boost  
  21  1:50  Overlord  
  21  1:53  Zergling x2  
  22  2:02  Baneling Nest  
  22  2:03  Zergling x2  
  22  2:12  Drone  
  23  2:16  Queen  
  23  2:22  Drone  
  26  2:33  Zergling x4  
  29  2:44  Zergling x4  
  29  2:48  Zergling x6  
  33  2:55  Overlord  
  33  2:58  Zergling x2  
  33  3:02  Baneling x4  
  33  3:04  Drone  
  35  3:08  Drone  
  36  3:13  Drone  
  36  3:17  Drone x3  
  36  3:19  Drone  
  40  3:34  Drone x3  
  39  3:35  Baneling x2  
  39  3:40  Drone  
  40  3:43  Zergling x2  
  41  3:49  Overlord  
  41  3:53  Zergling x6  
  44  3:55  Overlord  
  44  4:01  Overlord  
  43  4:09  Baneling  
  41  4:11  Drone x4  
  41  4:12  Drone  
  48  4:26  Extractor  
  48  4:27  Extractor, Drone x4  
  48  4:28  Evolution Chamber, Baneling x2  
  49  4:31  Baneling  
  49  4:32  Drone  
  48  4:41  Drone  
  49  4:46  Drone  
  49  4:47  Drone x2, Roach Warren  
  49  4:50  Overlord  
  51  4:53  Lair  
  51  4:55  Hatchery  
  51  4:56  Drone x3  
  53  5:10  Drone x4  
  57  5:16  Extractor  
  57  5:20  Zergling x4  
  57  5:21  Zergling x4  
  58  5:25  Drone x3  
  61  5:34  Drone x2  
  60  5:38  Roach  
  60  5:39  Zerg Missile Weapons Level 1  
  62  5:44  Overlord  
  62  5:45  Overlord  
  62  5:48  Drone  
  62  5:49  Drone x2  
  64  5:52  Glial Reconstitution  
  64  5:53  Spire  
  63  5:58  Roach  
  63  6:01  Roach  
  67  6:05  Queen  
  67  6:08  Roach x4  
  77  6:12  Roach x2  
  77  6:17  Extractor  
  80  6:18  Extractor  
  80  6:19  Drone x3  
  80  6:20  Drone  
  83  6:33  Drone x4  
  83  6:37  Drone x2  
  83  6:38  Drone  
  90  6:46  Roach x4  
  97  6:49  Overlord  
  97  6:52  Overlord  
  97  6:56  Overlord  
  97  7:00  Unknown  
  97  7:03  Drone  
  97  7:04  Hydralisk Den  
  97  7:09  Mutalisk, Drone x4  
  97  7:10  Mutalisk  
  97  7:11  Mutalisk  
  97  7:15  Mutalisk x2  
  109  7:18  Mutalisk  
  109  7:21  Mutalisk  
  115  7:25  Mutalisk, Extractor  
  115  7:28  Mutalisk  
  118  7:33  Drone x2, Hatchery  
  118  7:36  Lurker Den  
  120  7:47  Roach  
  120  7:48  Overlord x3  
  120  7:50  Zerg Missile Weapons Level 2  
  122  7:54  Overlord  
  122  8:00  Extractor  
  122  8:04  Overlord, Drone  
  122  8:05  Extractor, Overlord  
  121  8:13  Drone x3  
  121  8:14  Drone x2  
  121  8:15  Roach x5  
  136  8:24  Roach x6  
  136  8:25  Roach  
  136  8:27  Hydralisk  
  148  8:29  Pneumatized Carapace, Hydralisk x2  
  154  8:37  Hydralisk  
  154  8:38  Roach, Hydralisk x2  
  160  8:43  Roach x2  
  160  8:48  Overlord  
  164  8:49  Overlord  
  164  8:52  Roach x2  
  168  9:01  Overlord  
  168  9:06  Lurker  
  168  9:07  Spore Crawler  
  168  9:08  Lurker x4  
  168  9:09  Roach x4  
  180  9:12  Overlord  
  180  9:15  Roach x2  
  182  9:18  Overlord  
  182  9:22  Roach x2  
  182  9:23  Roach  
  168  9:28  Roach x3  
  149  9:36  Hydralisk x2  
  148  9:42  Queen  
  148  9:52  Roach x4  
  156  9:53  Ravager x3  
  155  10:00  Roach x4  
  155  10:04  Overlord, Overseer  
  163  10:11  Zerg Ground Armor Level 1  
  163  10:12  Roach x3  
  169  10:22  Lurker x2  
  165  10:33  Hatchery  
  158  10:38  Roach x5  
  158  10:39  Roach  
  158  10:42  Tunneling Claws  
  170  10:43  Burrow  
  170  10:45  Extractor  
  170  10:47  Roach  
  170  10:48  Roach  
  170  10:57  Hatchery  
  170  11:02  Roach x3  
  168  11:05  Ravager x3  
  168  11:10  Roach  
  168  11:11  Roach x2  
  121  11:27  Roach x7  
  121  11:32  Hydralisk  
  110  11:39  Roach x3  
  98  11:45  Roach x2  
  93  11:50  Drone x3  
  93  11:54  Hydralisk  
  86  12:00  Lurker  
  89  12:07  Hydralisk x4  
  97  12:14  Hydralisk x2  
  101  12:22  Hydralisk  
  95  12:23  Roach x3  
  95  12:29  Roach x2  
  99  12:34  Lurker  
Show
View Real Time Build Order
Export as new Build Order

Cham Zerg - Winner!

Build Orders: Hatch First, Lurkers 

Get SALT Encoding   

  12  0:00  Drone  
  13  0:09  Drone  
  14  0:17  Overlord  
  14  0:35  Drone x3  
  17  0:52  Hatchery  
  17  0:55  Drone  
  17  1:09  Spawning Pool  
  16  1:12  Drone  
  16  1:15  Extractor  
  16  1:17  Drone  
  17  1:20  Drone  
  18  1:31  Drone  
  19  1:42  Overlord  
  19  1:56  Queen  
  19  1:58  Zergling x2  
  22  2:03  Queen, Zergling x2  
  22  2:04  Zergling x2  
  26  2:11  Spine Crawler  
  26  2:12  Drone  
  26  2:15  Drone  
  27  2:23  Drone  
  27  2:24  Metabolic Boost  
  28  2:31  Drone  
  28  2:33  Drone  
  30  2:40  Queen  
  30  2:44  Drone  
  33  2:50  Overlord, Drone  
  35  2:56  Drone  
  36  3:00  Evolution Chamber  
  36  3:03  Drone  
  36  3:10  Zergling x2  
  36  3:11  Zergling x8  
  41  3:15  Zergling x4  
  43  3:25  Roach Warren  
  42  3:31  Zergling x2  
  42  3:32  Zergling x4  
  38  3:35  Queen  
  40  3:42  Zerg Missile Weapons Level 1  
  40  3:43  Drone  
  40  3:45  Drone  
  42  3:53  Drone x2  
  42  3:55  Overlord  
  44  3:59  Overlord  
  41  4:14  Drone x3  
  44  4:17  Lair  
  44  4:20  Drone x2  
  44  4:22  Queen  
  48  4:25  Drone  
  48  4:34  Drone  
  49  4:43  Drone x2  
  50  4:48  Extractor  
  50  4:50  Extractor  
  50  4:51  Drone x2, Hatchery  
  49  4:55  Drone x3  
  51  5:11  Drone  
  51  5:12  Roach x2  
  53  5:16  Roach  
  53  5:19  Roach x2  
  58  5:24  Drone, Glial Reconstitution  
  59  5:28  Overlord  
  59  5:32  Queen  
  59  5:38  Overlord, Drone  
  59  5:40  Zerg Missile Weapons Level 2  
  60  5:50  Drone  
  60  5:51  Roach x3  
  60  5:54  Overlord  
  67  6:01  Overlord  
  67  6:05  Drone  
  67  6:06  Roach  
  67  6:09  Roach x2  
  67  6:10  Drone x2  
  67  6:11  Drone x2  
  78  6:14  Drone x2  
  78  6:16  Drone  
  81  6:23  Overlord  
  81  6:24  Extractor  
  80  6:25  Drone  
  80  6:29  Drone  
  81  6:33  Roach  
  81  6:37  Drone  
  81  6:38  Drone  
  81  6:39  Drone x2  
  87  6:40  Drone x3  
  87  6:42  Drone  
  87  6:45  Drone  
  87  6:47  Pneumatized Carapace, Overseer  
  92  6:48  Hydralisk Den, Drone x3  
  92  6:51  Extractor  
  92  6:52  Drone x2  
  92  6:53  Extractor  
  94  7:01  Overlord  
  94  7:04  Drone x2  
  96  7:09  Roach x4  
  96  7:12  Overlord  
  96  7:13  Roach, Hatchery  
  105  7:18  Overlord  
  105  7:22  Muscular Augments  
  105  7:24  Roach x2  
  105  7:25  Overlord  
  105  7:28  Overlord  
  109  7:32  Overlord  
  109  7:34  Roach  
  109  7:35  Hydralisk  
  113  7:37  Hydralisk  
  113  7:40  Hydralisk  
  113  7:44  Hydralisk x2  
  117  7:46  Hydralisk  
  117  7:49  Hydralisk  
  125  7:51  Hydralisk  
  125  7:55  Spore Crawler  
  125  7:56  Hydralisk  
  125  7:57  Hydralisk  
  130  8:02  Hydralisk x2  
  134  8:05  Spore Crawler  
  134  8:06  Hydralisk  
  134  8:11  Hydralisk  
  137  8:13  Overlord  
  137  8:14  Overlord  
  137  8:22  Zerg Ground Armor Level 1  
  137  8:26  Drone x2, Hydralisk x2  
  141  8:28  Hydralisk  
  141  8:35  Drone x2  
  141  8:38  Hydralisk x2  
  141  8:39  Spore Crawler  
  146  8:41  Roach  
  146  8:43  Roach  
  146  8:45  Roach  
  150  8:50  Lurker Den  
  150  8:52  Roach  
  150  8:54  Roach  
  154  9:01  Roach  
  154  9:02  Roach x2  
  157  9:03  Roach  
  159  9:16  Overlord x2  
  159  9:20  Roach  
  159  9:24  Overseer  
  147  9:25  Roach  
  147  9:31  Roach x2  
  137  9:33  Roach x3  
  137  9:36  Hydralisk x3  
  137  9:37  Roach x2, Hydralisk  
  153  9:40  Drone x2  
  155  9:50  Hydralisk x3  
  160  9:58  Hydralisk  
  161  10:03  Hydralisk  
  161  10:05  Hydralisk  
  161  10:06  Hydralisk  
  165  10:07  Hatchery  
  165  10:11  Drone x4  
  166  10:18  Extractor  
  165  10:23  Lurker  
  165  10:24  Lurker x4  
  170  10:33  Overlord x2  
  170  10:37  Overlord x2  
  170  10:46  Overlord x2  
  162  10:52  Hydralisk x2  
  162  10:53  Roach  
  162  10:54  Hydralisk  
  162  10:55  Hydralisk  
  156  11:12  Hydralisk  
  156  11:14  Hydralisk x3  
  156  11:15  Roach x4  
  156  11:16  Roach  
  174  11:23  Roach x2  
  155  11:26  Roach  
  155  11:27  Roach  
  155  11:29  Roach x2  
  155  11:32  Roach  
  148  11:35  Roach  
  148  11:39  Roach  
  138  11:40  Roach  
  138  11:43  Roach  
  138  11:44  Roach x2  
  138  11:45  Roach x2  
  146  11:48  Drone  
  146  11:50  Roach  
  133  11:54  Roach  
  133  12:00  Hydralisk  
  133  12:01  Hydralisk x2  
  135  12:03  Drone  
  135  12:05  Queen, Hydralisk  
  135  12:07  Hydralisk  
  146  12:10  Roach  
Tags
 
Add a new tag
Caveats
  • Supply blocks, unpowered buildings, or Contaminate may cause inaccurate times.
  • Supply counts are checked every 10 seconds.